 Dungeon Crawl Stone Soup version 0.27-a0-1154-gfdeffcb720 (webtiles) character file.

Game seed: 16059561161964969602

8 polve the Skirmisher (level 2, 0/24 HPs)
             Began as a Demonspawn Abyssal Knight on May 14, 2021.
             Was an Initiate of Lugonu.
             Succumbed to an adder's poison
             ... on level 2 of the Dungeon.
             The game lasted 00:00:47 (1079 turns).

polve the Skirmisher (Demonspawn Abyssal Knight)    Turns: 1079, Time: 00:00:47

Health: 0/24       AC:  5    Str: 12    XL:     2   Next: 0%
Magic:  3/3        EV:  7    Int: 13    God:    Lugonu [......]
Gold:   31         SH:  6    Dex: 12    Spells: 1/1 levels left

rFire    . . .     SeeInvis .   a - +1 short sword
rCold    . . .     Faith    .   d - +0 kite shield
rNeg     . . .     Spirit   .   i - +0 ring mail
rPois    .         Reflect  .   (no helmet)
rElec    .         Harm     .   (no cloak)
rCorr    .         Rampage  .   (no gloves)
Will     .....                  (no boots)
Stlth    +.........             (no amulet)
HPRegen  0.08/turn              (no ring)
MPRegen  0.08/turn              (no ring)

@: lethally poisoned (0 -> -2)
A: powered by pain 1
a: Renounce Religion


You were on level 2 of the Dungeon.
You worshipped Lugonu.
Lugonu was noncommittal.
You visited 1 branch of the dungeon, and saw 2 of its levels.
You visited the Abyss 1 time.

You collected 31 gold pieces.

Inventory:

Hand Weapons
 a - a +1 short sword (weapon)
Armour
 b - a +0 leather armour
 d - a +0 kite shield (worn)
 i - a +0 ring mail (worn)
Jewellery
 e - a ring of flight
Scrolls
 g - 3 scrolls of fear {unknown}
 h - a scroll of identify {unknown}
Potions
 c - 2 potions of curing {unknown}
 f - a potion of flight {unknown}


   Skills:
 - Level 3.0 Fighting
 + Level 2.5 Short Blades
 - Level 1.7 Armour
 - Level 0.8 Dodging
 - Level 2.4 Invocations


You had one spell level left.
You didn't know any spells.
Your spell library was empty.

Dungeon Overview and Level Annotations

Branches:
Dungeon (2/15)

Altars:


Innate Abilities, Weirdness & Mutations

You sometimes gain a little power by taking damage.


Message History

The adder bites you but does no damage.
Your shield and ring mail prevent you from hitting the adder.
The adder barely misses you. The adder closely misses you.
You closely miss the adder. The adder bites you.
You are poisoned.
The adder poisons you!
You closely miss the adder.
You feel very sick. The adder bites you. x2
You are too injured to fight recklessly!
You are too injured to fight recklessly!
You are too injured to fight recklessly!
You are too injured to fight recklessly!
You are too injured to fight recklessly!
You are too injured to fight recklessly!
You are too injured to fight recklessly!
You are too injured to fight recklessly!
You closely miss the adder.
You feel sick. The adder bites you but does no damage.
You block the adder's attack.
You hit the adder but do no damage.
You feel sick. You block the adder's attack.
You closely miss the adder.
You feel sick. You block the adder's attack. The adder bites you.
You closely miss the adder.
You feel sick.
You are no longer poisoned.
The adder bites you.
* * * LOW HITPOINT WARNING * * *
The adder closely misses you.
You barely miss the adder. The adder bites you.
* * * LOW HITPOINT WARNING * * *
You are lethally poisoned!
The adder poisons you!
You hit the adder.
The adder is moderately wounded.
* * * LOW HITPOINT WARNING * * *
You feel sick. You block the adder's attack.
The adder bites you but does no damage.
You barely miss the adder.
The adder is moderately wounded.
You die...

....... ####### ...
.# 8. .# .. .#
######## #. #.#
......(# #. ..
######.# .#.# #.#
#S.# #.# ####@####
#)# #.......# ####
#.# #.#####.# ...#
#.# #.# #.# ##.# #.#
#.# #.# ##.# #.# #.#
#.# ...# #.######.#
#.#
######......(.#####.#
....................#


You could see an adder.

Vanquished Creatures
  2 goblins (D:1)
  A hobgoblin (D:1)
  A kobold (D:1)
  2 bats (D:1)
  2 rats (D:1)
8 creatures vanquished.

Notes
Turn   | Place    | Note
-------+----------+-------------------------------------------
     0 | Abyss:1  | polve the Demonspawn Abyssal Knight began the quest for the
                  | Orb.
     0 | Abyss:1  | Reached XP level 1. HP: 18/18 MP: 2/2
    88 | Abyss:1  | Noticed a large abomination
    91 | Abyss:1  | Noticed an orange demon
    99 | Abyss:1  | Noticed a small abomination
   107 | D:1      | Escaped the Abyss
   912 | D:1      | Gained mutation: You sometimes gain a little power by
                  | taking damage. [demonic ancestry]
   912 | D:1      | Reached XP level 2. HP: 24/24 MP: 3/3
  1078 | D:2      | HP: 1/24 [poisoned by an adder]
  1079 | D:2      | Succumbed to an adder's poison

Illustrated notes

Levels and vault maps discovered:
D:1:      dpeg_arrival_boxes_within_box, layout_rooms
D:2:      layout_basic, basic_ecumenical_altar, minmay_pentomino_u4,
          uniq_jessica

Skill      XL: |  1 |
---------------+----+-----
Short Blades   | 2 |  2.5
Fighting       | |  3.0
Armour         | |  1.7
Dodging        | |  0.8
Invocations    | |  2.4

Action                   || total
-------------------------++-------
Melee: Short sword       ||    35
Invok: Depart the Abyss  ||     1
Armor: Ring mail         ||     8
       Leather armour    ||     2
Dodge: Dodged            ||    15
Block: Kite shield       ||    11

Table legend: (Time is in decaauts)
 A = Elapsed time spent in this place.
 B = Non-inter-level travel time spent in this place.
 C = Inter-level travel time spent in this place.
 D = Time resting spent in this place.
 E = Time spent auto-exploring this place.
 F = Levels seen in this place.
 G = Mean time per level.
                   A        B        C        D        E       F      G
               +--------+--------+--------+--------+--------+-----+--------+
         Total |   1088 |   1043 |     45 |    253 |    674 |   3 |  362.7 |
       Dungeon |    981 |    936 |     45 |    253 |    586 |   2 |  490.5 |
         Abyss |    107 |    107 |      0 |      0 |     88 |   1 |  107.0 |
               +--------+--------+--------+--------+--------+-----+--------+

Top non-repeatable levels by time:
     D:1: 856 daAuts
     D:2: 124 daAuts
 Abyss:1: 107 daAuts
